 Dungeon Crawl Stone Soup version 0.30-a0-335-ge5acde7520 (webtiles) character file.

Game seed: 16974158747472948769

212 gruber the Conjurer (level 5, -1/38 HPs)
             Began as a Draconian Conjurer on Oct 30, 2022.
             Slain by a gnoll
             ... wielding a +0 flail
             ... led by a gnoll bouda
              (10 damage)
             ... on level 2 of the Dungeon.
             The game lasted 00:01:16 (2198 turns).

gruber the Conjurer (Draconian Conjurer)            Turns: 2198, Time: 00:01:16

Health: -1/38      AC:  5    Str:  9    XL:     5   Next: 58%
Magic:  9/9        EV: 12    Int: 21    God:
Gold:   69         SH:  0    Dex:  9    Spells: 7/10 levels left

rFire   . . .      SeeInvis .    (no weapon)
rCold   . . .      Faith    .    (no shield)
rNeg    . . .      Spirit   .    (body armour unavailable)
rPois   +          Reflect  .    (helmet restricted)
rElec   .          Harm     .    (no cloak)
rCorr   .          Rampage  .    (no gloves)
Will    .....                    (no boots)
Stlth   ++........               (no amulet)
HPRegen 0.26/turn                n - ring of poison resistance
MPRegen 0.11/turn                (no ring)

@: no status effects
A: AC +5, unfitting armour, cold-blooded
a: no special abilities


You were on level 2 of the Dungeon.
You visited 1 branch of the dungeon, and saw 3 of its levels.

You collected 69 gold pieces.

Inventory:

Jewellery
 n - a ring of poison resistance (left hand)
Scrolls
 b - a scroll of fear {unknown}
 e - 2 scrolls of identify {unknown}
 f - a scroll of noise {unknown}
 g - 2 scrolls of fog {unknown}
 k - a scroll of enchant weapon {unknown}
 m - a scroll of immolation {unknown}
Potions
 a - a potion of magic
 c - a potion of brilliance {unknown}
 d - a potion of cancellation {unknown}
 h - a potion of curing {unknown}
 i - a potion of invisibility {unknown}
 j - 3 potions of haste {unknown}
 l - a potion of lignification {unknown}


   Skills:
 - Level 1.7 Dodging
 - Level 1.7 Stealth
 + Level 3.1 Spellcasting
 + Level 6.3 Conjurations


You had 7 spell levels left.
You knew the following spells:

 Your Spells              Type           Power      Damage    Failure   Level
a - Magic Dart            Conj           100%       1d8       1%          1
b - Searing Ray           Conj           58%        2d6       1%          2

Your spell library contained the following spells:

 Spells                   Type           Power      Damage    Failure   Level
 Dazzling Flash           Conj/Hex       32%        N/A       11%         3
 Fulminant Prism          Conj/Hex       8%         3d7       34%         4
 Iskenderun's Mystic Bla  Conj/Tloc      16%        2d5       34%         4


Dungeon Overview and Level Annotations

Branches:
Dungeon (3/15)

Altars:

Shops:
D:1 *


Innate Abilities, Weirdness & Mutations

Your plain brown scales are hard. (AC +5)
You cannot fit into any form of body armour.
You are cold-blooded and may be slowed by cold attacks.


Message History

The bat is moderately wounded.
The bat closely misses you.
The magic dart hits the bat.
The bat is severely wounded.
The bat hits you but does no damage.
The magic dart hits the bat.
You kill the bat!
You can't see any susceptible monsters within range! (Use Z to cast anyway.)
You can't see any susceptible monsters within range! (Use Z to cast anyway.)
You see here a bat corpse.
n - a ring of poison resistance You see here a +0 dagger.
Done exploring.
Done exploring.
Done exploring.
Done exploring.
n - a ring of poison resistance (left hand)
(D) Dungeon
Where to? (Enter - D:2, ? - help)
You see here a +0 dagger.
There is a stone staircase leading down here.
You climb downwards.
The gnoll bouda shouts!
The gnoll shouts! x2
There is a stone staircase leading up here.
There are monsters nearby!
There are monsters nearby!
Okay, then.
The gnoll hits you with a +0 whip. The gnoll hits you with a +0 flail!
The gnoll hits you with a +0 whip!
The gnoll bouda barks out a call to the hunt!
The gnolls pick up the pace!
The gnoll hits you with a +0 flail!
You climb upwards.
There is a stone staircase leading down here.
The gnoll hits you with a +0 flail.
* * * LOW HITPOINT WARNING * * *
The gnoll barely misses you. The gnoll hits you with a +0 whip.
* * * LOW HITPOINT WARNING * * *
The gnoll attacks as you move away! The gnoll hits you with a +0 flail!
You die...

......# #......# #..#
#.# ......#
#......####..# #.#
......# #............#
#.#
...รท..###...........##
#.#
....................#
#.#
###.................#
#.# #..............)..#
#.# #.............gg..#
#.# #.............@g#.#
#.# #..........####g#.#
#.# ###'######## #.#.#
#.# #.######### #.#.#
#.# #.........# #.#.#
#.# #########.# #.#.#
#.# #.# #.#.# #.# #.#
#.#.# #.# ####### #.#
#.#.####.#


You could see 4 gnolls.

Vanquished Creatures
  Sigmund (D:2)
  An adder (D:2)
  5 dart slugs
  8 endoplasms
  A giant cockroach (D:2)
  A hobgoblin (D:1)
  3 quokkas
  2 ball pythons (D:1)
  3 bats
  2 frilled lizards (D:1)
  A goblin (D:1)
  A kobold (D:2)
  4 rats
33 creatures vanquished.

Notes
Turn   | Place    | Note
-------+----------+-------------------------------------------
     0 | D:1      | gruber the Draconian Conjurer began the quest for the Orb.
     0 | D:1      | Reached XP level 1. HP: 14/14 MP: 3/3
    22 | D:1      | Found Owadduc's Assorted Antiques.
   347 | D:1      | Reached XP level 2. HP: 20/20 MP: 0/5
   350 | D:1      | Learned a level 2 spell: Searing Ray
   677 | D:1      | Found a faded altar of an unknown god.
  1368 | D:2      | Reached XP level 3. HP: 21/26 MP: 1/6
  1551 | D:2      | Reached skill level 5 in Conjurations
  1627 | D:2      | Noticed Sigmund
  1637 | D:2      | Killed Sigmund
  1638 | D:2      | Reached skill level 6 in Conjurations
  1638 | D:2      | Reached XP level 4. HP: 26/33 MP: 0/8
  1638 | D:2      | Reached XP level 5. HP: 30/38 MP: 0/9
  2198 | D:2      | Slain by a gnoll

Illustrated notes

Levels and vault maps discovered:
D:1:      dpeg_arrival_simpleton_c, layout_loops_corners, serial_shops,
          nicolae_square_shop, ebering_ecumenical_altar_sacrificial
D:2:      layout_basic, uniq_sigmund
D:3:      layout_rooms, beargit_hepliaklqana_dungeon_heroes,
          minmay_divided_ellipse

Skill      XL: |  1  2  3 |
---------------+----------+-----
Conjurations   | 6 |  6.3
Spellcasting   | 3 |  3.1
Dodging        | |  1.7
Stealth        | |  1.7

Action                   |  1- 3 |  4- 6 || total
-------------------------+-------+-------++-------
Melee: Unarmed           |    19 |       ||    19
       Tailslap          |     4 |       ||     4
 Cast: Magic Dart        |    57 |    15 ||    72
       Searing Ray       |     1 |       ||     1
Armor: Skin              |     5 |     2 ||     7
Dodge: Dodged            |    10 |     4 ||    14

Table legend: (Time is in decaauts)
 A = Elapsed time spent in this place.
 B = Non-inter-level travel time spent in this place.
 C = Inter-level travel time spent in this place.
 D = Time resting spent in this place.
 E = Time spent auto-exploring this place.
 F = Levels seen in this place.
 G = Mean time per level.
                   A        B        C        D        E       F      G
               +--------+--------+--------+--------+--------+-----+--------+
         Total |   2197 |   2170 |     27 |      0 |   2001 |   3 |  732.3 |
       Dungeon |   2197 |   2170 |     27 |      0 |   2001 |   3 |  732.3 |
               +--------+--------+--------+--------+--------+-----+--------+

Top non-repeatable levels by time:
     D:1: 1252 daAuts
     D:2: 943 daAuts
     D:3: 1 daAuts
